[Event "Titled Tuesday Blitz January 11 2022"]
[White "Gomez, Carlos David"]
[Black "Kucuksari, Kaan"]
[WhiteFideId "114669"]
[BlackFideId "6380166"]
[WhiteElo "2340"]
[BlackElo "2305"]
[Result "1-0"]
[Round "10"]
[TimeControl "180+1"]
[Date "2022.01.11"]
[WhiteClock "0:00:59"]
[BlackClock "0:00:06"]

1. e4 c6 2. Nf3 d5 3. exd5 cxd5 4. c4 d4 5. g3 Nc6 6. Bg2 e5 7. d3 f5 8. O-O g6 9. Bg5 Qc7 10. Re1 Bg7 11. b4 h6 12. Bf4 Nge7 13. b5 exf4 14. bxc6 bxc6 15. Nh4 O-O 16. Rxe7 Qxe7 17. Nxg6 Qg5 18. Nxf8 fxg3 19. hxg3 f4 20. Qf3 Bg4 21. Qxf4 Qxf4 22. gxf4 Rxf8 23. Bxc6 Bf5 24. Be4 Bxe4 25. dxe4 d3 26. e5 Rxf4 27. Nd2 Bxe5 28. Rf1 Bc3 29. Rd1 Kf7 30. Kg2 a5 31. Nb1 Bd4 32. f3 Bc5 33. Nd2 Rd4 34. Nb3 Rxc4 35. Rxd3 Rc2+ 36. Kh3 Bb4 37. a3 Rc3 38. Rxc3 Bxc3 39. a4 Ke6 40. Kg4 Kf6 41. f4 Kg6 42. f5+ Kf6 43. Nc5 Bb4 44. Nd7+ Ke7 45. Nb6 Kd6 46. Kh5 Kc5 47. Nc8 Bd2 48. f6 Kc4 49. Nd6+ Kd5 50. f7 Kxd6 51. f8=Q+ Kc7 52. Qc5+ Kb7 53. Qd5+ Ka7 54. Qxd2 Ka6 55. Qd6+ Ka7 56. Kxh6 Ka8 57. Qd7 Kb8 58. Kg6 Ka8 59. Kf6 1-0


[Site "https://www.chess.com"]

[Event "Titled Tuesday Blitz January 11 2022"]
[White "Goncalves, Ivan Mesquita V"]
[Black "Demchenko, Anton"]
[WhiteFideId "2114224"]
[BlackFideId "4160258"]
[WhiteElo "2299"]
[BlackElo "2539"]
[Result "0-1"]
[Round "10"]
[TimeControl "180+1"]
[Date "2022.01.11"]
[WhiteClock "0:00:13"]
[BlackClock "0:00:23"]

1. d4 Nf6 2. c4 g6 3. Nf3 Bg7 4. e3 O-O 5. b3 d6 6. Bb2 b6 7. Be2 Bb7 8. O-O Ne4 9. Qc2 Nd7 10. Nc3 Nxc3 11. Bxc3 e6 12. Rac1 f5 13. Nd2 e5 14. dxe5 dxe5 15. Bf3 e4 16. Be2 Qe7 17. Bxg7 Qxg7 18. b4 c5 19. a3 g5 20. Rcd1 Rae8 21. Nb3 f4 22. Bg4 Nf6 23. h3 h5 24. Be2 f3 25. gxf3 exf3 26. Bd3 g4 27. Kh1 Qg5 28. Rg1 Rxe3 29. Bh7+ Nxh7 30. fxe3 f2+ 31. Kh2 fxg1=Q+ 32. Rxg1 Qxe3 33. Qg6+ Kh8 0-1


[Site "https://www.chess.com"]

[Event "Titled Tuesday Blitz January 11 2022"]
[White "Gurevich, Dmitry"]
[Black "Pakleza, Zbigniew"]
[WhiteFideId "2000407"]
[BlackFideId "1119290"]
[WhiteElo "2506"]
[BlackElo "2467"]
[Result "1-0"]
[Round "10"]
[TimeControl "180+1"]
[Date "2022.01.11"]
[WhiteClock "0:00:06"]
[BlackClock "0:00:08"]

1. d4 d6 2. Nf3 Bg4 3. g3 Bxf3 4. exf3 e6 5. c4 c6 6. f4 Ne7 7. Bg2 d5 8. Nd2 g6 9. c5 Bg7 10. Nb3 Nd7 11. O-O O-O 12. h4 h5 13. Re1 b6 14. Qc2 Nf5 15. Rd1 a5 16. a4 bxc5 17. dxc5 Qc7 18. Bh3 Rfb8 19. Bxf5 exf5 20. Bd2 Nf6 21. Bc3 Ne4 22. Bxg7 Kxg7 23. Kg2 Qe7 24. Rdc1 Rb4 25. Nd2 Rab8 26. Ra2 Qf6 27. Rb1 Qd4 28. Nf3 Qc4 29. b3 Qa6 30. Ne5 f6 31. Nd3 Rd4 32. Rd1 Re8 33. f3 Rxd3 34. Qxd3 Qxd3 35. Rxd3 Nxc5 36. Rc3 Na6 37. Rxc6 Nb4 38. Rac2 Kh6 39. Rc8 Rxc8 40. Rxc8 d4 41. Kf2 d3 42. Ke3 g5 43. Rd8 Kg6 44. Rxd3 Nc2+ 45. Kd2 Nb4 46. Rd4 gxh4 47. gxh4 Nc6 48. Kd3 Kf7 49. Rd6 Nb4+ 50. Kc3 Na2+ 51. Kc4 Nc1 52. Rd2 Ne2 53. Rxe2 1-0


[Site "https://www.chess.com"]

[Event "Titled Tuesday Blitz January 11 2022"]
[White "Howell, David W L"]
[Black "Ibrahimli, Murad"]
[WhiteFideId "410608"]
[BlackFideId "13410229"]
[WhiteElo "2559"]
[BlackElo "2109"]
[Result "1-0"]
[Round "10"]
[TimeControl "180+1"]
[Date "2022.01.11"]
[WhiteClock "0:00:44"]
[BlackClock "0:00:03"]

1. d4 Nf6 2. c4 e6 3. Nc3 Bb4 4. Nf3 O-O 5. g3 c5 6. Bg2 Nc6 7. O-O cxd4 8. Nxd4 a6 9. Bf4 Na5 10. Qd3 Be7 11. Rfd1 h6 12. Nb3 Nc6 13. Bd6 Re8 14. c5 b6 15. Bxe7 Qxe7 16. cxb6 Qb4 17. Bxc6 dxc6 18. Qd4 c5 19. Qxc5 Qg4 20. f3 Qh3 21. Qc6 Rb8 22. Nc5 e5 23. b7 Bxb7 24. Nxb7 e4 25. Rd2 e3 26. Rd4 Re5 27. Rh4 Qf5 28. Rd1 Qc2 29. Rhd4 Qxb2 30. Rd8+ Rxd8 31. Rxd8+ Kh7 32. Rd1 Qc2 33. Nd6 Ra5 34. Nde4 Nh5 35. Qc7 Rf5 36. Qc4 Re5 37. Qd3 1-0


[Site "https://www.chess.com"]

[Event "Titled Tuesday Blitz January 11 2022"]
[White "Janaszak, Dawid"]
[Black "Piorun, Kacper"]
[WhiteFideId "1119206"]
[BlackFideId "1130420"]
[WhiteElo "2199"]
[BlackElo "2571"]
[Result "1/2-1/2"]
[Round "10"]
[TimeControl "180+1"]
[Date "2022.01.11"]
[WhiteClock "0:00:05"]
[BlackClock "0:00:07"]

1. e4 Nf6 2. e5 Nd5 3. d4 d6 4. Nf3 dxe5 5. Nxe5 c6 6. Be2 g6 7. O-O Bg7 8. Bf3 O-O 9. Re1 Nd7 10. Qe2 Nxe5 11. dxe5 Bf5 12. Be4 Qd7 13. c3 Rad8 14. Na3 Qe6 15. Bxf5 Qxf5 16. Nc4 Rd7 17. a4 Rfd8 18. g3 h5 19. h4 Nc7 20. Be3 b6 21. Rad1 Ne6 22. Rxd7 Rxd7 23. f4 b5 24. axb5 cxb5 25. Nd2 Qc2 26. Nf3 Qb3 27. Nd4 Nxd4 28. Bxd4 e6 29. Ra1 b4 30. Rxa7 Rxd4 31. cxd4 Qxg3+ 32. Qg2 Qxf4 33. Qf2 Qg4+ 34. Kh2 Kh8 35. Qxf7 Qxh4+ 36. Kg2 Qe4+ 37. Kf1 Qd3+ 38. Kg2 Qe4+ 39. Kf1 Qd3+ 40. Kg2 Qe4+ 1/2-1/2


[Site "https://www.chess.com"]

[Event "Titled Tuesday Blitz January 11 2022"]
[White "Jones, Gawain C B"]
[Black "Manukyan, Artyom"]
[WhiteFideId "409561"]
[BlackFideId "13305786"]
[WhiteElo "2657"]
[BlackElo "2034"]
[Result "1/2-1/2"]
[Round "10"]
[TimeControl "180+1"]
[Date "2022.01.11"]
[WhiteClock "0:00:07"]
[BlackClock "0:00:09"]

1. d4 d5 2. c4 e6 3. Nc3 Nf6 4. cxd5 exd5 5. Bg5 c6 6. e3 Qb6 7. Bxf6 Qxb2 8. Rc1 Bb4 9. Ne2 gxf6 10. Qd3 Be6 11. Rb1 Qa3 12. Rb3 Qa5 13. a3 Bxa3 14. Rxb7 Bb4 15. Kd2 Nd7 16. Qb1 Nb6 17. Qb3 Bc8 18. Rc7 Nc4+ 19. Kd1 Bxc3 20. Rxc8+ Rxc8 21. Nxc3 O-O 22. Bxc4 dxc4 23. Qc2 Qa1+ 24. Qc1 Qxc1+ 25. Kxc1 Rb8 26. Ne4 Kg7 27. Kc2 Rb7 28. Nc5 Rb4 29. Ra1 Rfb8 30. Ra2 Rb1 31. g4 Rg1 32. Rxa7 Rxg4 33. Kc3 Rg2 34. Ne6+ Kg8 35. Nf4 Rxf2 36. Kxc4 Rxh2 37. Kc5 Rc2+ 38. Kd6 Re8 39. Nh5 Rf2 40. Kxc6 h6 41. d5 Rxe3 42. d6 Rc2+ 43. Kd7 Re6 44. Nf4 Re4 45. Nh5 Rf2 46. Kd8 Rd4 47. d7 Kh7 48. Ra6 Kg6 49. Ng3 Rfd2 50. Ra7 h5 51. Nf1 Rd1 52. Ne3 h4 53. Nxd1 Rxd1 54. Ke7 Kg5 55. d8=Q Rxd8 56. Kxd8 f5 57. Rxf7 h3 58. Ke7 Kg4 59. Rg7+ Kf3 60. Kf6 h2 61. Rh7 Kg2 62. Rg7+ Kf1 63. Rh7 Kg1 64. Kxf5 h1=Q 65. Rxh1+ Kxh1 1/2-1/2


[Site "https://www.chess.com"]

[Event "Titled Tuesday Blitz January 11 2022"]
[White "Kalashian, David"]
[Black "Lenderman, Aleksandr"]
[WhiteFideId "13302418"]
[BlackFideId "2021285"]
[WhiteElo "2490"]
[BlackElo "2651"]
[Result "0-1"]
[Round "10"]
[TimeControl "180+1"]
[Date "2022.01.11"]
[WhiteClock "0:00:02"]
[BlackClock "0:01:18"]

1. d4 e6 2. c4 b6 3. a3 Bb7 4. Nc3 f5 5. d5 Nf6 6. g3 Bd6 7. Bg2 O-O 8. Nf3 Na6 9. O-O Nc5 10. Nd4 Be5 11. Rb1 a5 12. b4 axb4 13. axb4 Nce4 14. Nxe4 Nxe4 15. Bb2 exd5 16. cxd5 Qf6 17. e3 Bxd5 18. Nxf5 c6 19. Nd4 Bxd4 20. Bxd4 Qf7 21. Qc2 Ra2 22. Rb2 Rxb2 23. Qxb2 Ng5 24. f4 Ne4 25. Bxb6 Nd6 26. Bc5 Nc4 27. Qc2 d6 28. Bxd5 Qxd5 29. e4 Qe6 30. Bf2 Re8 31. Re1 h5 32. Qd3 Qf7 33. Qd4 h4 34. Rc1 d5 35. exd5 cxd5 36. b5 h3 37. b6 Qb7 38. Rb1 Nd6 39. Rd1 Ra8 40. f5 Ne4 41. Be3 Ra2 42. Qxd5+ Qxd5 43. Rxd5 Ra1+ 44. Bc1 Rxc1+ 0-1


[Site "https://www.chess.com"]

[Event "Titled Tuesday Blitz January 11 2022"]
[White "Kamsky, Gata"]
[Black "Alavkin, Arseny"]
[WhiteFideId "2000024"]
[BlackFideId "4120612"]
[WhiteElo "2645"]
[BlackElo "2391"]
[Result "1/2-1/2"]
[Round "10"]
[TimeControl "180+1"]
[Date "2022.01.11"]
[WhiteClock "0:00:06"]
[BlackClock "0:00:06"]

1. e4 c5 2. Nf3 Nc6 3. d4 cxd4 4. Nxd4 g6 5. c4 Nf6 6. Nc3 d6 7. Be2 Nxd4 8. Qxd4 Bg7 9. Bd2 O-O 10. Qe3 a5 11. O-O Be6 12. b3 Nd7 13. Rad1 Qb6 14. Qg3 Be5 15. Qd3 Nc5 16. Qe3 Nd7 17. Na4 Qxe3 18. Bxe3 Bg7 19. f4 f5 20. Bf3 Rab8 21. Rfe1 Kf7 22. Ba7 Ra8 23. Bf2 Rab8 24. exf5 Bxf5 25. g4 Be6 26. Rxe6 Kxe6 27. Bd5+ Kf6 28. Bh4+ g5 29. Bxg5+ Kg6 30. Bxe7 Rxf4 31. Bxd6 Rd4 32. Re1 Rxg4+ 33. Kh1 Rd8 34. Bxb7 Ne5 35. c5 Nf7 36. Bg3 Rxg3 37. hxg3 Be5 38. Kg2 Rd2+ 39. Kf3 Rxa2 40. g4 Kf6 41. Bd5 Ng5+ 42. Ke3 Rh2 43. Rf1+ Kg6 44. Rf5 Rh3+ 45. Ke2 Bc7 46. c6 h5 47. Rf8 hxg4 48. Nc5 Rh2+ 49. Kd3 Rh7 50. Ne4 Rg7 51. Nxg5 Kxg5 52. Kc4 g3 53. Kb5 Re7 54. Rg8+ Kh4 55. Ka6 Re5 56. Kb7 Re7 57. Ka6 Kh3 58. Bf3 Kh2 59. Rg6 Rf7 60. Bd5 Re7 61. Rg5 Rh7 62. Be4 Re7 63. Bf3 Rf7 64. Bd5 Re7 65. Rg6 Rh7 66. Be4 Re7 67. Bd5 Re5 68. Bf3 Re3 69. Bd5 Re5 70. Bf3 Re7 71. Bd5 1/2-1/2


[Site "https://www.chess.com"]

[Event "Titled Tuesday Blitz January 11 2022"]
[White "Kevlishvili, Robby"]
[Black "Andreikin, Dmitry"]
[WhiteFideId "1040634"]
[BlackFideId "4158814"]
[WhiteElo "2584"]
[BlackElo "2736"]
[Result "1/2-1/2"]
[Round "10"]
[TimeControl "180+1"]
[Date "2022.01.11"]
[WhiteClock "0:00:19"]
[BlackClock "0:00:06"]

1. e4 c5 2. Nf3 e6 3. d4 cxd4 4. Nxd4 Nc6 5. Nc3 a6 6. Nxc6 bxc6 7. Bd3 d5 8. Qe2 Nf6 9. O-O Be7 10. Bd2 O-O 11. f4 dxe4 12. Nxe4 c5 13. Kh1 Bb7 14. Bc3 Nd5 15. f5 exf5 16. Rxf5 Nxc3 17. Nxc3 g6 18. Rff1 Bd6 19. Be4 Qh4 20. g3 Qe7 21. Rae1 Rae8 22. Qf3 Bxe4 23. Nxe4 f5 24. Nxd6 Qxd6 25. Rd1 Qe6 26. Rd5 Rd8 27. Rfd1 Rxd5 28. Rxd5 Re8 29. Kg2 Qe2+ 30. Qf2 Qe4+ 31. Qf3 Qxc2+ 32. Kh3 Qxb2 33. Rxc5 Qxa2 34. Rc7 Qe6 35. Rc6 Qd7 36. Rxa6 f4+ 37. Qg4 Qb5 38. Rxg6+ hxg6 39. Qxg6+ Kf8 40. Qf6+ Kg8 41. Qg6+ Kh8 42. Qh6+ Kg8 43. Qg6+ 1/2-1/2


[Site "https://www.chess.com"]

[Event "Titled Tuesday Blitz January 11 2022"]
[White "Klenburg, Michael"]
[Black "Panesar Vedant"]
[WhiteFideId "14102072"]
[BlackFideId "35033018"]
[WhiteElo "2359"]
[BlackElo "1971"]
[Result "1-0"]
[Round "10"]
[TimeControl "180+1"]
[Date "2022.01.11"]
[WhiteClock "0:00:14"]
[BlackClock "0:00:04"]

1. e4 e6 2. d3 c5 3. g3 Nc6 4. Bg2 g6 5. f4 Bg7 6. Nf3 Nge7 7. O-O d6 8. c3 b5 9. d4 cxd4 10. cxd4 Qb6 11. Be3 d5 12. e5 b4 13. Bf2 O-O 14. Nbd2 Ba6 15. Re1 Rac8 16. Nb3 Na5 17. Nc5 Nb7 18. Nd7 Qc7 19. Nxf8 Rxf8 20. Qa4 Qb6 21. Rac1 h5 22. h3 Nf5 23. g4 hxg4 24. hxg4 Nh6 25. Bh3 Bd3 26. Rc6 Qd8 27. Qxa7 Na5 28. Rc7 Nc4 29. b3 Be4 30. Bh4 Qe8 31. Ng5 Nb2 32. Nxe4 dxe4 33. Rxe4 Qb5 34. Bf1 Qd5 35. Qb7 Qa5 36. Rc2 Nd1 37. Re1 Nc3 38. Qa6 Qd5 39. Qd3 Nxg4 40. Bg2 Qd7 41. a3 Nd5 42. Bxd5 Qxd5 43. axb4 Nh6 44. Rc5 Qb7 45. b5 Nf5 46. Bf2 Bh6 47. Qe4 Qb6 48. d5 Qa5 49. dxe6 fxe6 50. Qc6 Ng7 51. b6 Qd2 52. Rc2 Qxf4 53. b7 Qg4+ 54. Qg2 Qf5 55. Rc8 Kh7 56. b8=Q Rxc8 57. Qxc8 Bf4 58. Qc3 Nh5 59. Qch3 Qc2 60. Qxe6 Bh6 61. Qf7+ Bg7 62. e6 Qxb3 63. Qgxg6+ 1-0


[Site "https://www.chess.com"]

[Event "Titled Tuesday Blitz January 11 2022"]
[White "Kosteniuk, Alexandra"]
[Black "Girya, Olga"]
[WhiteFideId "4128125"]
[BlackFideId "4195752"]
[WhiteElo "2469"]
[BlackElo "2275"]
[Result "1-0"]
[Round "10"]
[TimeControl "180+1"]
[Date "2022.01.11"]
[WhiteClock "0:00:42"]
[BlackClock "0:00:14"]

1. Nf3 Nf6 2. g3 e6 3. Bg2 d5 4. c4 Be7 5. b3 O-O 6. Bb2 b6 7. O-O Bb7 8. e3 c5 9. cxd5 Nxd5 10. d4 Nd7 11. e4 N5f6 12. e5 Nd5 13. Nbd2 cxd4 14. Bxd4 Nc5 15. Nc4 b5 16. Nd6 Bxd6 17. exd6 Qxd6 18. Rc1 Nd7 19. Ng5 Rac8 20. Qd3 f5 21. Rxc8 Rxc8 22. Re1 Re8 23. Qxb5 Bc6 24. Qa5 h6 25. Nf3 e5 26. Bb2 Qb4 27. Qxb4 Nxb4 28. Rd1 Nxa2 29. Nh4 Bxg2 30. Kxg2 Nc5 31. Nxf5 Nb4 32. Ba3 Nbd3 33. Bxc5 Nxc5 34. b4 Ne6 35. Rd7 Rb8 36. Re7 Rb6 37. h4 Kf8 38. h5 Nd4 39. Rxe5 Rxb4 40. Nd6 Rb8 41. Ra5 Nc6 42. Ra6 Rb6 43. Ra4 Ke7 44. Nc8+ Kd7 45. Nxb6+ axb6 46. Rg4 b5 47. Rxg7+ Kd6 48. Rg6+ Kc5 49. Rxh6 b4 50. Re6 1-0


[Site "https://www.chess.com"]

[Event "Titled Tuesday Blitz January 11 2022"]
[White "Krivonosov, Oleg"]
[Black "Mickiewicz, Piotr"]
[WhiteFideId "11600349"]
[BlackFideId "1114891"]
[WhiteElo "2455"]
[BlackElo "2266"]
[Result "1-0"]
[Round "10"]
[TimeControl "180+1"]
[Date "2022.01.11"]
[WhiteClock "0:00:39"]
[BlackClock "0:00:11"]

1. Nf3 c5 2. c4 Nc6 3. d4 cxd4 4. Nxd4 Nf6 5. Nc3 d6 6. e4 g6 7. Be2 Bg7 8. Be3 O-O 9. O-O Bd7 10. Qd2 Nxd4 11. Bxd4 Bc6 12. f3 a5 13. b3 Nd7 14. Rac1 Bxd4+ 15. Qxd4 Qb6 16. Qxb6 Nxb6 17. Nd5 Bxd5 18. cxd5 Rfc8 19. Kf2 Rxc1 20. Rxc1 Rc8 21. Rxc8+ Nxc8 22. Ke3 Nb6 23. Kd4 Kf8 24. f4 f6 25. h4 Kf7 26. g3 h6 27. Bg4 g5 28. h5 gxf4 29. gxf4 Kf8 30. Be6 Ke8 31. Kc3 Na8 32. Bc8 b6 33. Kc4 Nc7 34. Bg4 Kd8 35. Be2 Ke8 36. Kd4 Kf7 37. Bg4 Kf8 38. Kc4 Kf7 39. Bf5 Kf8 40. a3 Kf7 41. b4 axb4 42. Kxb4 Ke8 43. a4 Kd8 44. Kc4 Ke8 45. Bg4 Kd8 46. Be2 Kd7 47. Kd4 e5+ 48. dxe6+ Nxe6+ 49. Ke3 Nc7 50. Bb5+ Ke7 51. Bc4 Na8 52. Kf3 Nc7 53. Kg4 Ne6 54. Kf5 Nc5 55. Kg6 Nxe4 56. Kxh6 Ng3 57. Kg6 Nxh5 58. Kxh5 d5 59. Bxd5 Kd6 60. Bc4 Kc5 61. Bb5 1-0


[Site "https://www.chess.com"]

[Event "Titled Tuesday Blitz January 11 2022"]
[White "Maksimovic, Bojan"]
[Black "Mitusov, Semen"]
[WhiteFideId "14408120"]
[BlackFideId "14151049"]
[WhiteElo "2450"]
[BlackElo "2246"]
[Result "0-1"]
[Round "10"]
[TimeControl "180+1"]
[Date "2022.01.11"]
[WhiteClock "0:00:04"]
[BlackClock "0:00:58"]

1. e4 e5 2. Nf3 Nc6 3. Bb5 a6 4. Ba4 Nf6 5. O-O Be7 6. Re1 b5 7. Bb3 O-O 8. a4 Rb8 9. d3 d6 10. Nbd2 h6 11. h3 Na5 12. Ba2 bxa4 13. Nc4 c5 14. Nxa5 Qxa5 15. Bd2 Qc7 16. Bc3 Bd7 17. Nd2 Bc6 18. Nc4 Rfe8 19. Ne3 Bf8 20. Bc4 Bb5 21. Qf3 Rbd8 22. Ba2 Qd7 23. Nd5 Nxd5 24. Bxd5 g6 25. Qf6 g5 26. Qg6+ Bg7 27. Qh5 Rf8 28. Re3 Kh8 29. Rf3 f5 30. exf5 Rxf5 31. Rxf5 Qxf5 32. Qg4 Qxg4 33. hxg4 Rb8 34. g3 Bf6 35. Kg2 Kg7 36. Kf3 Bd7 37. Ke3 Bxg4 38. Rxa4 Bc8 39. Bc4 Rb6 40. Ba5 Rxb2 41. Bb3 Rb1 42. Bc3 Bb7 43. Bc4 d5 44. Bxa6 d4+ 45. Ke2 dxc3 46. Bxb7 Rxb7 47. Rc4 e4 48. dxe4 Rb2 49. Kd3 Rb4 50. Rxc5 Rd4+ 51. Ke3 Rd2 52. Rc7+ Kg6 53. f4 Bd4+ 54. Kf3 Rf2+ 55. Kg4 h5+ 56. Kh3 g4+ 57. Kh4 Bf6# 0-1


[Site "https://www.chess.com"]

[Event "Titled Tuesday Blitz January 11 2022"]
[White "Maltsevskaya, Aleksandra"]
[Black "Matinian, Nikita"]
[WhiteFideId "24174041"]
[BlackFideId "24129100"]
[WhiteElo "2283"]
[BlackElo "2422"]
[Result "0-1"]
[Round "10"]
[TimeControl "180+1"]
[Date "2022.01.11"]
[WhiteClock "0:00:02"]
[BlackClock "0:02:07"]

1. e4 c5 2. Nf3 d6 3. d4 cxd4 4. Nxd4 Nf6 5. Nc3 g6 6. Be3 Nc6 7. f3 h5 8. Bc4 Nxd4 9. Qxd4 Bg7 10. Qd2 Be6 11. Bb3 a5 12. O-O h4 13. Bxe6 fxe6 14. Ne2 e5 15. c4 a4 16. b3 Qa5 17. Qd3 axb3 18. Qxb3 Qa6 19. Nc3 Rc8 20. Nb5 Bh6 21. Bxh6 Rxh6 22. Kh1 Nh5 23. c5 Rxc5 24. Qg8+ Kd7 25. Nxd6 Ng3+ 26. hxg3 hxg3+ 27. Kg1 Qb6 28. Qe8+ Kxd6 0-1


[Site "https://www.chess.com"]

[Event "Titled Tuesday Blitz January 11 2022"]
[White "Maximov, Dmitry"]
[Black "Tari, Aryan"]
[WhiteFideId "14105659"]
[BlackFideId "1510045"]
[WhiteElo "2494"]
[BlackElo "2567"]
[Result "0-1"]
[Round "10"]
[TimeControl "180+1"]
[Date "2022.01.11"]
[WhiteClock "0:00:09"]
[BlackClock "0:00:10"]

1. e4 c6 2. Nc3 d5 3. Qe2 d4 4. Nd1 e5 5. g3 Bd6 6. Bg2 Ne7 7. d3 c5 8. f4 Nbc6 9. Nf3 exf4 10. gxf4 Ng6 11. e5 Be7 12. Nf2 O-O 13. O-O f6 14. e6 f5 15. Bd2 Bd6 16. Nh3 h6 17. Rae1 Re8 18. Nfg5 Qf6 19. Qh5 Nce7 20. Nf7 Bc7 21. Nhg5 Rb8 22. Re2 b5 23. Rfe1 Bb7 24. Bxb7 Rxb7 25. Rg2 Rb6 26. h4 c4 27. Ba5 Rc6 28. Bxc7 Rxc7 29. Kh2 cxd3 30. cxd3 Rec8 31. Reg1 Rc2 32. Nxh6+ gxh6 33. Nf7 Qg7 34. Nxh6+ Kf8 35. Nxf5 Nxf5 36. Qxf5+ Ke7 37. Qg5+ Qf6 38. f5 Nxh4 39. Rxc2 Rxc2+ 40. Kh3 Rh2+ 41. Kg4 Qxg5+ 42. Kxg5 Nf3+ 43. Kf4 Nxg1 44. Ke5 Re2+ 45. Kd5 Nf3 0-1


[Site "https://www.chess.com"]

[Event "Titled Tuesday Blitz January 11 2022"]
[White "Mokshanov, Alexey"]
[Black "Ianov, Viktor"]
[WhiteFideId "24121657"]
[BlackFideId "14102730"]
[WhiteElo "2141"]
[BlackElo "2215"]
[Result "1-0"]
[Round "10"]
[TimeControl "180+1"]
[Date "2022.01.11"]
[WhiteClock "0:00:48"]
[BlackClock "0:00:55"]

1. e4 d6 2. d4 Nf6 3. Nc3 c6 4. Bg5 Nbd7 5. Qd2 e5 6. f4 Be7 7. Nf3 Qa5 8. O-O-O h6 9. Bxf6 Bxf6 10. Kb1 b5 11. Nxb5 Qxd2 12. Nxd6+ Ke7 13. Rxd2 Kxd6 14. dxe5+ Kc7 15. exf6 Nxf6 16. Bd3 Be6 17. Ne5 Rhd8 18. f5 Nxe4 19. Bxe4 Rxd2 20. fxe6 fxe6 21. Bxc6 Rf8 22. Bf3 g5 23. Nd3 g4 24. Bxg4 Rxg2 25. Bxe6 Re8 26. Bh3 Rd2 27. Bg4 Re4 28. h3 Re3 29. a3 a5 30. Rf1 Rg3 31. b3 h5 32. Bxh5 Rxh3 33. Bg4 Rhh2 34. Bd1 Kd6 35. Kc1 Rdg2 36. Rf6+ Kd7 37. Rf5 Rg1 38. Rxa5 Rhh1 39. Nf2 Rh2 40. Ne4 Rhh1 41. Nc3 Rg3 42. Kb2 Kc6 43. Rf5 Rh2 44. a4 Kb6 45. Be2 Re3 46. Nd5+ 1-0


[Site "https://www.chess.com"]

[Event "Titled Tuesday Blitz January 11 2022"]
[White "Moroni, Luca Jr"]
[Black "Kosakowski, Jakub"]
[WhiteFideId "865834"]
[BlackFideId "1185080"]
[WhiteElo "2573"]
[BlackElo "2476"]
[Result "1-0"]
[Round "10"]
[TimeControl "180+1"]
[Date "2022.01.11"]
[WhiteClock "0:00:06"]
[BlackClock "0:00:05"]

1. d4 Nf6 2. c4 e6 3. Nc3 Bb4 4. Nf3 b6 5. Qb3 Bxc3+ 6. Qxc3 Bb7 7. b3 O-O 8. e3 d6 9. Bb2 Nbd7 10. Be2 Re8 11. O-O a5 12. a3 Qe7 13. b4 Ne4 14. Qc2 f5 15. d5 exd5 16. cxd5 Ndf6 17. Nd4 Nxd5 18. Nxf5 Qg5 19. Ng3 Nxg3 20. hxg3 axb4 21. axb4 Rxa1 22. Bxa1 Re7 23. Bf3 Rf7 24. Qa4 h5 25. Qe8+ Rf8 26. Qe6+ Kh8 27. Rd1 Rxf3 28. gxf3 h4 29. Qh3 Nxe3 30. Rd4 Nf5 31. Rf4 Nh6 32. Qxh4 Qg6 33. Kh2 Kg8 34. Qd8+ Kh7 35. Qxc7 Bd5 36. Qd7 Qc2 37. Qxg7# 1-0


[Site "https://www.chess.com"]

[Event "Titled Tuesday Blitz January 11 2022"]
[White "Moskalenko, Alexander"]
[Black "Muradli, Mahammad"]
[WhiteFideId "4155351"]
[BlackFideId "13409301"]
[WhiteElo "2515"]
[BlackElo "2645"]
[Result "1-0"]
[Round "10"]
[TimeControl "180+1"]
[Date "2022.01.11"]
[WhiteClock "0:01:39"]
[BlackClock "0:00:04"]

1. Nf3 c5 2. g3 Nc6 3. Bg2 g6 4. c4 Bg7 5. O-O e6 6. Nc3 Nge7 7. d4 cxd4 8. Nb5 d6 9. Nfxd4 Nxd4 10. Nxd4 O-O 11. Be3 d5 12. Rc1 e5 13. Nb3 d4 14. Bd2 Nc6 15. e3 Bf5 16. exd4 exd4 17. Re1 Qb6 18. h3 Rae8 19. g4 Rxe1+ 20. Qxe1 Be6 21. Ba5 Qa6 22. Bc7 Qxa2 23. Nc5 Bc8 24. Bd6 Rd8 25. Bxc6 Rxd6 26. Qe8+ Bf8 27. Bd5 Rxd5 28. cxd5 Qxb2 29. Nd3 1-0


[Site "https://www.chess.com"]

[Event "Titled Tuesday Blitz January 11 2022"]
[White "Murzin, Volodar"]
[Black "Bacrot, Etienne"]
[WhiteFideId "44155573"]
[BlackFideId "605506"]
[WhiteElo "2585"]
[BlackElo "2673"]
[Result "1-0"]
[Round "10"]
[TimeControl "180+1"]
[Date "2022.01.11"]
[WhiteClock "0:00:09"]
[BlackClock "0:00:13"]

1. e4 e5 2. Nf3 Nc6 3. Bb5 Nf6 4. O-O Nxe4 5. Re1 Nd6 6. Nxe5 Be7 7. Bf1 O-O 8. d4 Nf5 9. Nf3 d5 10. c3 Bd6 11. Bd3 Nce7 12. Nbd2 Ng6 13. g3 Nfe7 14. Nf1 Bf5 15. h4 Bxd3 16. Qxd3 Re8 17. Ne3 Qd7 18. Bd2 c6 19. h5 Nf8 20. h6 g6 21. c4 f6 22. Qb3 dxc4 23. Nxc4 Nd5 24. Nxd6 Qxd6 25. Qxb7 Qd7 26. Qxd7 Nxd7 27. Rac1 Rxe1+ 28. Nxe1 Rc8 29. Nd3 Kf7 30. b4 N7b6 31. Nc5 g5 32. a4 Rc7 33. a5 Nc8 34. Na6 Rb7 35. Rxc6 Nce7 36. Rc5 Kg6 37. b5 Kxh6 38. Nb4 Nxb4 39. Bxb4 Kg6 40. a6 Rd7 41. Ba5 Nd5 42. Rc6 Kf5 43. f3 g4 44. Kf2 gxf3 45. Kxf3 Re7 46. Rd6 Ne3 47. Bd8 Re8 48. Rxf6+ Kg5 49. Rf8+ 1-0


[Site "https://www.chess.com"]

[Event "Titled Tuesday Blitz January 11 2022"]
[White "Nazaretyan, Tigran"]
[Black "Bryakin, Mikhail"]
[WhiteFideId "24162345"]
[BlackFideId "4165314"]
[WhiteElo "2192"]
[BlackElo "2421"]
[Result "0-1"]
[Round "10"]
[TimeControl "180+1"]
[Date "2022.01.11"]
[WhiteClock "0:00:09"]
[BlackClock "0:01:07"]

1. d4 Nf6 2. c4 g6 3. Nc3 d5 4. Nf3 Bg7 5. Bg5 Ne4 6. Bh4 Nxc3 7. bxc3 dxc4 8. Qa4+ Nd7 9. e3 O-O 10. Qa3 Bf6 11. Bxf6 Nxf6 12. Bxc4 Kg7 13. O-O b6 14. Ne5 Bb7 15. Ba6 Bxa6 16. Qxa6 Qd6 17. a4 Nd7 18. f4 c5 19. a5 Nxe5 20. fxe5 Qc7 21. Qc4 Rac8 22. axb6 axb6 23. e6 cxd4 24. Qxd4+ f6 25. Rab1 Rfd8 26. Qxb6 Qxc3 27. Rbd1 Rxd1 28. Rxd1 Rc6 29. Qd4 Qxd4 30. Rxd4 Rxe6 31. Kf2 Re5 32. Kf3 h5 33. g3 Kf7 34. h4 Ra5 35. Rb4 Ra7 36. Rb6 Rd7 37. Rc6 Rd1 38. Rb6 Rf1+ 39. Kg2 Rf5 40. Rc6 g5 41. hxg5 fxg5 42. Rh6 g4 43. Rc6 e6 44. Rc8 Kf6 45. Rc4 Ra5 46. Rc2 Ke5 47. Kf2 Rd5 48. Ke2 Rb5 49. Ra2 Rb4 50. Ra5+ Ke4 51. Ra2 Rc4 52. Rb2 Ra4 53. Rc2 Ra3 54. Rc4+ Kd5 55. Rc2 Ra1 56. Kf2 Ke4 57. Rc4+ Kf5 58. Rc5+ e5 59. Rc2 Ra4 60. Rb2 Ke4 61. Rc2 Ra8 62. Rb2 Rf8+ 63. Ke2 Rf3 64. Rb4+ Kf5 65. e4+ Kf6 66. Rb6+ Kg5 67. Re6 Rxg3 68. Rxe5+ Kh4 69. Re8 Ra3 70. e5 Kg3 71. e6 Ra6 72. Kd3 h4 73. Kd4 h3 74. e7 Re6 75. Kd5 Re1 76. Kd6 h2 77. Rh8 Kg2 78. Rh6 Rxe7 79. Re6 Rxe6+ 0-1


[Site "https://www.chess.com"]

[Event "Titled Tuesday Blitz January 11 2022"]
[White "Preotu, Razvan"]
[Black "Aloma Vidal, Robert"]
[WhiteFideId "2613280"]
[BlackFideId "2260409"]
[WhiteElo "2407"]
[BlackElo "2435"]
[Result "1-0"]
[Round "10"]
[TimeControl "180+1"]
[Date "2022.01.11"]
[WhiteClock "0:02:02"]
[BlackClock "0:01:55"]

1. e4 e5 2. Nf3 Nf6 3. d4 Nxe4 4. Bd3 d5 5. Nxe5 Nd7 6. O-O Bd6 7. Qh5 Nxe5 8. dxe5 g6 9. Qe2 Bc5 10. Bxe4 dxe4 11. Qb5+ 1-0


[Site "https://www.chess.com"]

[Event "Titled Tuesday Blitz January 11 2022"]
[White "Rasulov, Vugar"]
[Black "Nesterov, Arseniy"]
[WhiteFideId "13402390"]
[BlackFideId "24198455"]
[WhiteElo "2560"]
[BlackElo "2489"]
[Result "1-0"]
[Round "10"]
[TimeControl "180+1"]
[Date "2022.01.11"]
[WhiteClock "0:00:40"]
[BlackClock "0:00:02"]

1. e4 e5 2. Nf3 Nc6 3. Bb5 a6 4. Bxc6 dxc6 5. O-O Qf6 6. d4 exd4 7. Bg5 Qd6 8. Nxd4 Be7 9. Bxe7 Nxe7 10. Nc3 Bd7 11. e5 Qg6 12. Qf3 c5 13. Nb3 Bc6 14. Qh3 b6 15. e6 O-O 16. exf7+ Rxf7 17. Rae1 Nf5 18. Ne4 Re8 19. Nbd2 Nd4 20. Qd3 Rfe7 21. f3 Bb5 22. c4 Bc6 23. Kh1 Re6 24. b4 Qf5 25. bxc5 bxc5 26. Nb3 Nxb3 27. axb3 Bxe4 28. fxe4 Re5 1-0


[Site "https://www.chess.com"]